Map: Automaton LE

Players

Kallestål - Winner!

  • Race: Zerg Zerg
  • Spawn Location: 3:00

MatmaR

  • Race: Terran Terran
  • League: Platinum
  • Spawn Location: 9:00

VOD

Have the link to the VOD?

Description

it's kinda meh. I haven't had any good games lately

Time

  • Played on: Dec. 30, 2018, 4:11 p.m.
  • Length: 9:57
Show
View Real Time Build Order
Export as new Build Order

Kallestål Zerg - Winner!

Build Orders: Pool First 

Get SALT Encoding   

  12  0:19  Spawning Pool  
  11  0:28  Drone  
  12  0:47  Overlord  
  12  1:06  Zergling x6  
  15  1:48  Hatchery  
  15  1:49  Spine Crawler  
  14  1:54  Zergling x6  
  17  2:15  Zergling x2  
  17  2:48  Zergling x6  
  20  2:54  Hatchery  
  16  3:41  Zergling x6  
  19  3:43  Queen  
  20  4:08  Spine Crawler  
  17  4:10  Drone  
  17  4:14  Zergling x4  
  17  4:15  Zergling x2  
  20  4:28  Spine Crawler  
  20  4:31  Spine Crawler  
  19  4:43  Spine Crawler  
  18  4:58  Queen, Drone  
  18  5:21  Spine Crawler  
  18  5:24  Drone  
  18  5:27  Drone  
  19  5:33  Extractor  
  18  5:45  Spine Crawler  
  15  6:12  Drone x3  
  18  6:23  Queen  
  19  6:34  Drone x2  
  21  7:15  Spine Crawler  
  20  7:49  Drone  
  19  8:14  Lair  
  19  8:15  Baneling Nest, Drone x2  
  18  8:22  Zergling x2  
  18  8:23  Zergling x4  
  21  8:30  Spine Crawler  
  20  9:06  Overlord  
  20  9:07  Overlord  
  20  9:11  Zergling x2  
  20  9:12  Zergling x6  
  20  9:41  Spire  
  20  9:45  Drone  
Show
View Real Time Build Order
Export as new Build Order

MatmaR Terran 

Build Orders:  

Get SALT Encoding   

  12  0:01  SCV  
  13  0:16  Supply Depot  
  13  0:18  SCV  
  14  0:30  SCV  
  15  0:38  Barracks  
  15  0:42  SCV  
  16  0:48  Refinery  
  16  0:54  SCV  
  17  0:58  Refinery  
  17  1:11  Barracks  
  17  1:15  SCV  
  16  1:27  SCV  
  17  1:34  Supply Depot  
  17  1:39  SCV  
  17  1:47  Marine  
  17  1:51  SCV  
  17  1:53  Bunker  
  18  2:03  SCV  
  18  2:06  Supply Depot  
  19  2:08  Marine  
  18  2:15  SCV  
  17  2:39  Marine  
  18  2:44  Marine  
  19  3:17  Marine  
  19  3:18  Marine  
  21  3:35  Marine  
  21  3:36  Marine  
  23  3:53  Marine  
  23  3:54  Marine  
  23  4:01  SCV  
  20  4:11  Marine  
  20  4:12  Marine  
  20  4:13  SCV  
  22  4:25  SCV  
  22  4:30  Refinery  
  23  4:34  Supply Depot  
  23  4:42  Marine  
  23  4:44  SCV  
  23  4:53  Bunker  
  23  4:55  Marine  
  23  4:56  SCV  
  23  4:59  Marine  
  25  5:04  Factory  
  26  5:08  SCV  
  26  5:13  Marine  
  28  5:17  Marine  
  28  5:20  SCV  
  28  5:31  Marine  
  28  5:33  SCV  
  28  5:35  Marine  
  29  5:49  Marine  
  28  5:51  Hellion  
  28  5:53  Marine  
  23  6:05  SCV  
  23  6:07  Marine  
  23  6:11  Marine  
  21  6:14  Factory Tech Lab  
  21  6:17  SCV  
  21  6:24  Marine  
  19  6:28  Marine  
  19  6:29  SCV  
  20  6:33  Siege Tank  
  23  6:41  SCV  
  23  6:46  Marine  
  24  6:53  SCV  
  23  7:04  Marine  
  23  7:06  SCV  
  24  7:08  Marine  
  25  7:18  SCV  
  25  7:22  Marine  
  25  7:38  SCV  
Tags
 
League
Platinum
Matchup
TvZ
Opening
Pool First
Spawn Locations
Cross Positions
Add a new tag
Caveats
  • Supply blocks, unpowered buildings, or Contaminate may cause inaccurate times.
  • Supply counts are checked every 10 seconds.